General information
- name: BNet
- type: Ladder team game (AT/RT)
- host: Battle.net
- saver: GetFckeDUpTrash
map: Deadlands
- players: 8
- length: 46:34
- speed: Fast
- version: 1.26 W3XP
- replay type: Public
» download(289 KB)
Players
team 1 (winner)

»
psicomind (
pink | 61 APM | 2863 actions | 46:33)
5 Dark Ranger
2 Black Arrow
2 Silence
1 Life Drain
3 Death Knight
2 Death Coil
1 Unholy Aura
1 Blademaster
1 Critical Strike
1 Blood Mage
1 Banish
» actions
| Assign group hotkey | 84 | |
| Basic commands | 178 | |
| Build / train | 94 | |
| ESC pressed | 2 | |
| Enter build submenu | 36 | |
| Enter hero's abilities submenu | 10 | |
| Give item / drop item | 1 | |
| Right click | 876 | |
| Select / deselect | 745 | |
| Select group hotkey | 748 | |
| Use ability | 89 | |
2863 total
» units
| Acolyte | 13 | |
| Ghoul | 14 | |
| Gargoyle | 6 | |
| Crypt Fiend | 10 | |
| Frost Wyrm | 8 | |
| Peon | 5 | |
56 total
» upgrades
| Creature Attack | 3 | |
| Creature Carapace | 4 | |
| Web | 1 | |
| Freezing Breath | 1 | |
9 total
» buildings
| Ziggurat | 10 | |
| Crypt | 2 | |
| Altar of Darkness | 1 | |
| Tomb of Relics | 2 | |
| Nerubian Tower | 2 | |
| Halls of the Dead | 1 | |
| Graveyard | 1 | |
| Necropolis | 3 | |
| Black Citadel | 1 | |
| Spirit Tower | 2 | |
| Sacrificial Pit | 1 | |
| Boneyard | 2 | |
| Great Hall | 1 | |
| Town Hall | 1 | |
30 total
» build order
00:39 Ziggurat
00:46 Crypt
01:24 Altar of Darkness
01:29 Ziggurat
01:35 Tomb of Relics
01:48 Nerubian Tower
03:35 Ziggurat
04:31 Halls of the Dead
04:46 Graveyard
06:56 Necropolis
07:43 Black Citadel
08:21 Ziggurat
08:27 Ziggurat
08:38 Ziggurat
08:41 Crypt
09:44 Nerubian Tower
09:45 Spirit Tower
09:47 Ziggurat
10:33 Sacrificial Pit
11:52 Boneyard
12:05 Boneyard
16:26 Necropolis
19:51 Necropolis
21:06 Ziggurat
21:37 Ziggurat
21:39 Ziggurat
21:43 Tomb of Relics
22:08 Spirit Tower
36:08 Great Hall
37:45 Town Hall
» items
| Rod of Necromancy | 1 | |
| Dust of Appearance | 1 | |
| Scroll of Town Portal | 3 | |
| Potion of Healing | 5 | |
| Potion of Mana | 1 | |
11 total
Gods-Son420 (
teal | 43 APM | 1245 actions | 28:45)
4 Blademaster
2 Wind Walk
2 Critical Strike
3 Shadow Hunter
2 Healing Wave
1 Hex
1 Tauren Chieftain
1 Endurance Aura
» actions
| Assign group hotkey | 16 | |
| Build / train | 69 | |
| Enter build submenu | 14 | |
| Enter hero's abilities submenu | 8 | |
| Give item / drop item | 4 | |
| Remove unit from queue | 2 | |
| Right click | 340 | |
| Select / deselect | 221 | |
| Select group hotkey | 492 | |
| Use ability | 79 | |
1245 total
» units
| Peon | 19 | |
| Wind Rider | 12 | |
| Shaman | 7 | |
| Kodo Beast | 1 | |
| Troll Witch Doctor | 2 | |
| Troll Batrider | 3 | |
44 total
» upgrades
| Ranged Weapons | 1 | |
| Shaman Training | 2 | |
| War Drums Damage Increase | 1 | |
| Witch Doctor Training | 2 | |
6 total
» buildings
| Altar of Storms | 1 | |
| Orc Burrow | 6 | |
| Voodoo Lounge | 1 | |
| War Mill | 1 | |
| Stronghold | 1 | |
| Watch Tower | 2 | |
| Beastiary | 2 | |
| Fortress | 1 | |
| Spirit Lodge | 1 | |
16 total
» build order
00:16 Altar of Storms
00:19 Orc Burrow
00:38 Voodoo Lounge
01:47 War Mill
02:13 Stronghold
02:39 Orc Burrow
03:33 Watch Tower
04:25 Watch Tower
05:04 Beastiary
05:06 Beastiary
05:19 Fortress
06:12 Orc Burrow
07:29 Orc Burrow
07:33 Spirit Lodge
15:40 Orc Burrow
24:35 Orc Burrow
» items
| Healing Salve | 1 | |
| Lesser Clarity Potion | 1 | |
| Scroll of Speed | 1 | |
| Orb of Lightning | 1 | |
4 total
GetFckeDUpTrash (
orange | 88 APM | 4095 actions | 46:34)
10 Archmage
3 Summon Water Elemental
3 Brilliance Aura
1 Mass Teleport
3 Blizzard
» actions
| Assign group hotkey | 143 | |
| Basic commands | 273 | |
| Build / train | 173 | |
| ESC pressed | 12 | |
| Enter build submenu | 52 | |
| Enter hero's abilities submenu | 11 | |
| Give item / drop item | 8 | |
| Remove unit from queue | 1 | |
| Right click | 1345 | |
| Select / deselect | 450 | |
| Select group hotkey | 1314 | |
| Use ability | 313 | |
4095 total
» units
| Peasant | 15 | |
| Footman | 4 | |
| Goblin Zeppelin | 1 | |
| Goblin Shredder | 3 | |
| Gryphon Rider | 13 | |
| Dragonhawk Rider | 5 | |
41 total
» upgrades
| Masonry | 3 | |
| Swords | 3 | |
| Animal War Training | 1 | |
| Storm Hammers | 1 | |
| Armor | 3 | |
| Cloud | 1 | |
| Lumber Harvesting | 1 | |
13 total
» buildings
| Farm | 11 | |
| Barracks | 1 | |
| Altar of Kings | 1 | |
| Lumber Mill | 1 | |
| Arcane Vault | 1 | |
| Scout Tower | 35 | |
| Arcane Tower | 5 | |
| Town Hall | 2 | |
| Keep | 5 | |
| Guard Tower | 42 | |
| Blacksmith | 1 | |
| Castle | 3 | |
| Gryphon Aviary | 4 | |
112 total
» build order
00:51 Farm
00:53 Barracks
00:55 Altar of Kings
01:05 Farm
01:36 Farm
01:44 Lumber Mill
02:09 Arcane Vault
03:06 Scout Tower
03:20 Arcane Tower
03:47 Farm
04:30 Town Hall
04:32 Scout Tower
04:33 Scout Tower
04:34 Scout Tower
04:36 Scout Tower
04:40 Scout Tower
05:00 Keep
05:02 Guard Tower
05:03 Guard Tower
05:13 Guard Tower
07:04 Arcane Tower
07:04 Arcane Tower
07:04 Guard Tower
07:05 Guard Tower
07:05 Guard Tower
07:05 Guard Tower
08:01 Blacksmith
08:45 Castle
08:45 Castle
08:45 Castle
09:17 Gryphon Aviary
09:20 Gryphon Aviary
10:58 Farm
13:02 Farm
13:02 Farm
13:03 Farm
13:53 Farm
13:53 Farm
13:54 Gryphon Aviary
13:59 Gryphon Aviary
15:41 Scout Tower
15:42 Scout Tower
15:43 Scout Tower
15:44 Scout Tower
15:45 Scout Tower
15:48 Scout Tower
15:49 Scout Tower
15:50 Scout Tower
15:51 Scout Tower
15:52 Scout Tower
15:52 Scout Tower
15:52 Scout Tower
15:53 Scout Tower
16:24 Guard Tower
16:24 Guard Tower
16:25 Guard Tower
16:26 Guard Tower
16:27 Guard Tower
18:26 Guard Tower
18:27 Guard Tower
18:27 Guard Tower
21:15 Scout Tower
21:16 Scout Tower
21:16 Scout Tower
21:17 Scout Tower
21:52 Guard Tower
21:52 Guard Tower
21:56 Scout Tower
21:57 Scout Tower
21:57 Scout Tower
21:58 Scout Tower
24:48 Guard Tower
24:48 Guard Tower
24:49 Guard Tower
25:43 Town Hall
25:46 Scout Tower
25:48 Scout Tower
25:49 Scout Tower
25:50 Scout Tower
25:57 Scout Tower
25:58 Scout Tower
25:59 Scout Tower
25:59 Scout Tower
26:18 Guard Tower
26:19 Guard Tower
26:19 Guard Tower
26:44 Guard Tower
26:44 Guard Tower
26:44 Guard Tower
26:46 Guard Tower
26:46 Guard Tower
26:46 Guard Tower
26:47 Guard Tower
26:48 Guard Tower
26:48 Guard Tower
40:32 Keep
40:32 Keep
44:58 Farm
» items
| Scroll of Regeneration | 10 | |
| Mechanical Critter | 5 | |
| Staff of Teleportation | 1 | |
| Periapt of Vitality | 1 | |
| Scroll of Town Portal | 5 | |
| Tiny Great Hall | 1 | |
| Staff of Sanctuary | 1 | |
| Potion of Healing | 1 | |
25 total
U_CAN_FUC.K_ME (
yellow | 18 APM | 529 actions | 28:48)
1 Blood Mage
1 Flame Strike
» actions
| Basic commands | 14 | |
| Build / train | 26 | |
| ESC pressed | 5 | |
| Enter build submenu | 5 | |
| Enter hero's abilities submenu | 1 | |
| Right click | 278 | |
| Select / deselect | 173 | |
| Use ability | 27 | |
529 total
» units
» buildings
| Altar of Kings | 1 | |
| Farm | 1 | |
| Scout Tower | 1 | |
| Town Hall | 1 | |
4 total
» build order
21:03 Altar of Kings
23:15 Farm
26:32 Scout Tower
27:37 Town Hall
» items
| Rod of Necromancy | 1 | |
| Dust of Appearance | 1 | |
2 total
team 2 (loser)

»
DreadKnight187 (
green | 25 APM | 198 actions | 07:51)
2 Demon Hunter
1 Immolation
1 Evasion
» actions
| Basic commands | 6 | |
| Build / train | 21 | |
| Enter build submenu | 8 | |
| Enter hero's abilities submenu | 2 | |
| Right click | 59 | |
| Select / deselect | 76 | |
| Use ability | 26 | |
198 total
» units
| Wisp | 10 | |
| Hippogryph | 2 | |
| Druid of the Talon | 2 | |
14 total
» upgrades
| Druid of the Talon Training | 1 | |
1 total
» buildings
| Moon Well | 4 | |
| Altar of Elders | 1 | |
| Tree of Ages | 1 | |
| Tree of Eternity | 1 | |
| Ancient of Wind | 1 | |
| Hunter's Hall | 1 | |
9 total
» build order
00:28 Moon Well
00:37 Altar of Elders
02:31 Tree of Ages
03:01 Moon Well
03:03 Moon Well
04:48 Moon Well
05:09 Tree of Eternity
05:20 Ancient of Wind
05:52 Hunter's Hall

»
Lvl10.Alchemist (
purple | 87 APM | 3349 actions | 38:30)
7 Goblin Alchemist
3 Acid Bomb
3 Chemical Rage
1 Transmute
5 Priestess of the Moon
1 Trueshot Aura
3 Searing Arrows
1 Starfall
4 Demon Hunter
2 Evasion
1 Immolation
1 Metamorphosis
» actions
| Assign group hotkey | 48 | |
| Basic commands | 103 | |
| Build / train | 140 | |
| ESC pressed | 7 | |
| Enter build submenu | 35 | |
| Enter hero's abilities submenu | 16 | |
| Right click | 1512 | |
| Select / deselect | 461 | |
| Select group hotkey | 887 | |
| Use ability | 140 | |
3349 total
» units
| Wisp | 35 | |
| Huntress | 6 | |
| Goblin Shredder | 1 | |
| Goblin Zeppelin | 1 | |
| Hippogryph | 22 | |
| Druid of the Claw | 2 | |
| Faerie Dragon | 1 | |
| Dryad | 9 | |
| Archer | 10 | |
87 total
» upgrades
| Ultravision | 1 | |
| Nature's Blessing | 1 | |
| Strength of the Wild | 2 | |
| Reinforced Hides | 2 | |
| Improved Bows | 1 | |
| Druid of the Claw Training | 1 | |
| Strength of the Moon | 1 | |
| Moon Armor | 1 | |
10 total
» buildings
| Moon Well | 6 | |
| Ancient of War | 1 | |
| Hunter's Hall | 1 | |
| Altar of Elders | 1 | |
| Ancient Protector | 16 | |
| Ancient of Wonders | 1 | |
| Tree of Ages | 7 | |
| Ancient of Wind | 2 | |
| Ancient of Lore | 1 | |
| Tree of Life | 3 | |
39 total
» build order
00:32 Moon Well
01:11 Ancient of War
01:13 Hunter's Hall
01:34 Altar of Elders
01:52 Moon Well
03:38 Moon Well
04:00 Ancient Protector
05:17 Ancient of Wonders
05:42 Tree of Ages
05:42 Tree of Ages
05:46 Moon Well
07:25 Ancient Protector
07:30 Ancient Protector
07:36 Ancient Protector
07:52 Ancient Protector
08:26 Ancient Protector
08:49 Ancient of Wind
09:29 Ancient of Lore
10:58 Ancient Protector
11:46 Ancient of Wind
12:35 Ancient Protector
14:06 Ancient Protector
17:07 Ancient Protector
17:10 Ancient Protector
17:12 Ancient Protector
22:48 Ancient Protector
22:50 Ancient Protector
22:51 Ancient Protector
22:54 Ancient Protector
23:37 Tree of Life
24:38 Tree of Life
24:46 Tree of Life
30:50 Moon Well
31:53 Moon Well
34:43 Tree of Ages
34:43 Tree of Ages
34:43 Tree of Ages
» items
| Dust of Appearance | 1 | |
| Lesser Clarity Potion | 1 | |
| Scroll of Town Portal | 2 | |
| Potion of Healing | 1 | |
5 total
DCONRESTNOOB (
blue | 63 APM | 2932 actions | 46:33)
8 Blademaster
3 Wind Walk
3 Critical Strike
1 Bladestorm
1 Mirror Image
» actions
| Assign group hotkey | 45 | |
| Basic commands | 197 | |
| Build / train | 87 | |
| Enter build submenu | 25 | |
| Enter hero's abilities submenu | 9 | |
| Give item / drop item | 6 | |
| Right click | 1226 | |
| Select / deselect | 297 | |
| Select group hotkey | 912 | |
| Use ability | 128 | |
2932 total
» units
| Peon | 11 | |
| Grunt | 3 | |
| Raider | 2 | |
| Hippogryph | 19 | |
| Wisp | 7 | |
| Troll Batrider | 3 | |
| Goblin Shredder | 2 | |
| Wind Rider | 8 | |
55 total
» upgrades
| Reinforced Defenses | 1 | |
| Ensnare | 1 | |
| Liquid Fire | 1 | |
| Ranged Weapons | 2 | |
| Armor | 2 | |
| Envenomed Spears | 1 | |
8 total
» buildings
| Altar of Storms | 1 | |
| Orc Burrow | 7 | |
| Barracks | 1 | |
| Voodoo Lounge | 1 | |
| Stronghold | 1 | |
| War Mill | 1 | |
| Fortress | 2 | |
| Beastiary | 5 | |
| Ancient of Wind | 3 | |
| Watch Tower | 22 | |
| Moon Well | 2 | |
| Great Hall | 2 | |
48 total
» build order
00:14 Altar of Storms
00:20 Orc Burrow
00:53 Barracks
01:25 Orc Burrow
01:59 Voodoo Lounge
02:41 Stronghold
02:58 Orc Burrow
03:37 War Mill
05:09 Fortress
05:17 Beastiary
05:32 Beastiary
05:35 Beastiary
05:39 Beastiary
07:19 Orc Burrow
08:59 Ancient of Wind
11:11 Watch Tower
11:11 Watch Tower
11:12 Watch Tower
11:12 Watch Tower
11:14 Watch Tower
12:23 Watch Tower
12:23 Watch Tower
12:23 Watch Tower
12:24 Watch Tower
12:32 Moon Well
12:33 Moon Well
14:09 Ancient of Wind
14:11 Ancient of Wind
16:29 Beastiary
16:34 Orc Burrow
16:34 Orc Burrow
16:34 Orc Burrow
18:06 Watch Tower
18:07 Watch Tower
18:07 Watch Tower
18:07 Watch Tower
18:08 Watch Tower
18:08 Watch Tower
18:09 Watch Tower
24:28 Great Hall
24:38 Great Hall
37:18 Watch Tower
37:18 Watch Tower
37:19 Watch Tower
37:20 Watch Tower
37:20 Watch Tower
37:20 Watch Tower
» items
| Healing Salve | 2 | |
| Scroll of Town Portal | 2 | |
| Tiny Great Hall | 1 | |
| Boots of Speed | 1 | |
| Potion of Lesser Invulnerability | 1 | |
| Scroll of Healing | 1 | |
| Staff of Teleportation | 1 | |
| Orb of Lightning | 1 | |
10 total

»
9hairs (
red | 86 APM | 4008 actions | 46:33)
4 Blademaster
2 Wind Walk
2 Critical Strike
4 Shadow Hunter
2 Hex
2 Healing Wave
2 Priestess of the Moon
1 Searing Arrows
1 Trueshot Aura
3 Naga Sea Witch
1 Frost Arrows
2 Forked Lightning
» actions
| Assign group hotkey | 161 | |
| Basic commands | 552 | |
| Build / train | 108 | |
| Enter build submenu | 30 | |
| Enter hero's abilities submenu | 14 | |
| Give item / drop item | 1 | |
| Remove unit from queue | 12 | |
| Right click | 1221 | |
| Select / deselect | 410 | |
| Select group hotkey | 1295 | |
| Use ability | 204 | |
4008 total
» units
| Peon | 9 | |
| Troll Headhunter/Berserker | 19 | |
| Troll Witch Doctor | 8 | |
36 total
» upgrades
| Ranged Weapons | 3 | |
| Armor | 3 | |
| Troll Regeneration | 1 | |
| Reinforced Defenses | 1 | |
| Berserker Upgrade | 1 | |
| Witch Doctor Training | 2 | |
| Shaman Training | 1 | |
12 total
» buildings
| Altar of Storms | 1 | |
| Barracks | 1 | |
| Orc Burrow | 8 | |
| War Mill | 1 | |
| Stronghold | 2 | |
| Spirit Lodge | 2 | |
| Fortress | 2 | |
| Voodoo Lounge | 1 | |
| Watch Tower | 10 | |
28 total
» build order
00:17 Altar of Storms
00:21 Barracks
00:24 Orc Burrow
01:19 War Mill
01:47 Orc Burrow
03:34 Stronghold
04:22 Orc Burrow
06:44 Spirit Lodge
06:48 Orc Burrow
07:10 Fortress
07:11 Fortress
08:24 Voodoo Lounge
11:49 Watch Tower
11:51 Watch Tower
12:35 Orc Burrow
13:04 Watch Tower
13:31 Watch Tower
14:19 Watch Tower
14:56 Watch Tower
17:08 Watch Tower
17:13 Orc Burrow
20:54 Spirit Lodge
30:37 Orc Burrow
32:12 Orc Burrow
34:42 Watch Tower
34:57 Watch Tower
35:20 Watch Tower
» items
| Healing Salve | 2 | |
| Scroll of Speed | 3 | |
| Potion of Healing | 5 | |
| Orb of Lightning | 1 | |
| Lesser Clarity Potion | 1 | |
12 total
Chat log
(00:12 / Allies) GetFckeDUpTrash: Can I fuck you up trash yellow?
(00:29 / Allies) GetFckeDUpTrash: yeah I can, you tell me so in your name
(02:20 / Allies) psicomind: maybe they not going nothign
(02:24 / Allies) psicomind: nothing
(05:48 / Allies) GetFckeDUpTrash: one of you killed my critter
(06:07 / Allies) psicomind: sorry i thing criter of map
(06:07 / Allies) GetFckeDUpTrash: don't do it again
(07:56 / All) GetFckeDUpTrash: why did that fag leave
(10:15 / All) GetFckeDUpTrash: Red you're total trash lol
(10:17 / All) GetFckeDUpTrash: Great bm control
(10:21 / All) GetFckeDUpTrash: level 1 harasser scrub
(10:24 / All) GetFckeDUpTrash: and 0 micro
(10:29 / Allies) GetFckeDUpTrash: hit here
(10:51 / All) 9hairs: as if u mean anything to me
(11:11 / All) GetFckeDUpTrash: You are less than shit
(11:19 / All) 9hairs: haha
(11:24 / All) 9hairs: mad bro
(11:37 / All) GetFckeDUpTrash: 4 footies and an am hard for you to handle green? need your buddy to help LOL
(11:45 / All) 9hairs: haha ur mad
(11:51 / All) GetFckeDUpTrash: so mad at your ancient meme
(11:55 / All) GetFckeDUpTrash: Yeah I'm trash talking so I'm mad as fuck
(11:58 / All) GetFckeDUpTrash: Nice retort
(12:00 / All) 9hairs: haha
(12:05 / All) 9hairs: keep talking
(12:15 / All) GetFckeDUpTrash: Keep blowing at wc3 after it's like 13 years old
(12:20 / All) GetFckeDUpTrash: had forever to learn it but you still suck ass
(12:28 / All) 9hairs: keep talking yeah
(14:46 / All) GetFckeDUpTrash: wow your team blows lol
(17:12 / All) GetFckeDUpTrash: Just leave cunts
(17:18 / All) GetFckeDUpTrash: you all suck cock
(18:04 / All) GetFckeDUpTrash: didn't lose1 gryph
(18:23 / All) GetFckeDUpTrash: nah lost 1 gryph exactly, good trade for you guys I'm sure
(18:43 / All) GetFckeDUpTrash: Red, you have my permission to leave
(18:44 / All) GetFckeDUpTrash: I have paused for you
(18:45 / All) GetFckeDUpTrash: so you can find the quit game button
(19:28 / Allies) U_CAN_FUC.K_ME: who wants gold
(19:33 / Allies) U_CAN_FUC.K_ME: i have more than 11,000
(19:34 / Allies) psicomind: me
(19:37 / Allies) U_CAN_FUC.K_ME: say please
(19:42 / Allies) psicomind: please
(19:44 / Allies) U_CAN_FUC.K_ME: doine!
(19:59 / Allies) psicomind: ty bitch
(20:07 / Allies) U_CAN_FUC.K_ME: no problem!
(20:09 / Allies) U_CAN_FUC.K_ME: if u want more
(20:10 / Allies) U_CAN_FUC.K_ME: say penis
(20:14 / Allies) GetFckeDUpTrash: give me more gold bitch
(20:20 / Allies) U_CAN_FUC.K_ME: say penis
(20:22 / Allies) U_CAN_FUC.K_ME: i give u gold
(20:23 / Allies) GetFckeDUpTrash: I'll take some from you, gold slave
(20:25 / Allies) GetFckeDUpTrash: penis
(20:28 / Allies) U_CAN_FUC.K_ME: ok~
(20:30 / Allies) U_CAN_FUC.K_ME: gold time!
(20:44 / Allies) GetFckeDUpTrash: Good slave
(20:53 / Allies) U_CAN_FUC.K_ME: say penis
(20:58 / Allies) U_CAN_FUC.K_ME: i give u gold
(20:59 / Allies) GetFckeDUpTrash: If you give me more
(21:04 / Allies) GetFckeDUpTrash: more gold
(21:08 / Allies) GetFckeDUpTrash: penis
(21:15 / Allies) U_CAN_FUC.K_ME: ok
(22:31 / All) GetFckeDUpTrash: Hi bitch boy red
(22:33 / Allies) U_CAN_FUC.K_ME: main?
(22:34 / All) GetFckeDUpTrash: shit stain orc
(22:37 / All) GetFckeDUpTrash: Eat it faggot
(24:28 / All) GetFckeDUpTrash: Are you having as much fun as I am red?
(24:44 / All) GetFckeDUpTrash: sure did enjoy killing your whole base
(25:12 / Allies) GetFckeDUpTrash: Yellow gold me
(27:02 / All) GetFckeDUpTrash: wow are you guys just feeding us?
(27:08 / All) GetFckeDUpTrash: free hippos lol
(27:35 / All) GetFckeDUpTrash: That's a lotta hippos lawl
(28:39 / Allies) psicomind: well orange you have so much mony
(28:44 / Allies) psicomind: play alone take my units
(28:48 / Allies) GetFckeDUpTrash: thanks
(29:23 / All) GetFckeDUpTrash: good bm control like always
(30:57 / Allies) GetFckeDUpTrash: just leave and let me win it scrub
(32:02 / Allies) GetFckeDUpTrash: get out
(32:05 / Allies) GetFckeDUpTrash: I'll finish this myself
(32:07 / Allies) GetFckeDUpTrash: you don't deserve a win
(32:20 / All) GetFckeDUpTrash: I think pink afk
(32:31 / All) DCONRESTNOOB: hes not he just expo'd
(33:37 / Allies) GetFckeDUpTrash: out
(34:12 / Allies) GetFckeDUpTrash: out
(34:26 / Allies) GetFckeDUpTrash: out I kill my own base if you don't leave
(34:27 / Allies) GetFckeDUpTrash: and you lose
(36:28 / Allies) GetFckeDUpTrash: out
(36:29 / Allies) GetFckeDUpTrash: out
(38:11 / All) GetFckeDUpTrash: Pink is like an AI
(38:17 / All) GetFckeDUpTrash: doesn
(38:19 / All) GetFckeDUpTrash: t give up
(38:23 / All) Lvl10.Alchemist: k, im bored of this
(38:27 / All) Lvl10.Alchemist: cya weuirdis
(38:31 / All) GetFckeDUpTrash: get fucked
(38:35 / Allies) psicomind: hahaha
(39:27 / All) GetFckeDUpTrash: wish these faggots would leave already
(39:45 / All) GetFckeDUpTrash: start killing your shit
(40:15 / All) DCONRESTNOOB: green ruined this game
(40:18 / All) DCONRESTNOOB: wut happened was
(40:24 / Allies) GetFckeDUpTrash: you lose
(40:26 / All) DCONRESTNOOB: i asked for help for creeping an expo
(40:28 / All) DCONRESTNOOB: nobody responded
(40:34 / All) DCONRESTNOOB: so i crept red's green creeps
(40:40 / All) DCONRESTNOOB: and green said " red blue is killing ur creeps"
(40:42 / All) GetFckeDUpTrash: who loses, or standoff?
(40:58 / All) GetFckeDUpTrash: Pink is a retard like an AI so I don't care much if he wins or loses
(41:17 / All) DCONRESTNOOB: red is 0-2
(41:22 / All) DCONRESTNOOB: give pink loss?
(41:32 / All) GetFckeDUpTrash: 218-238
(41:40 / Allies) psicomind: hahahaa
(41:44 / All) GetFckeDUpTrash: I don't think either would stay for standoff
(41:51 / All) DCONRESTNOOB: red wouldnt definitely
(41:51 / All) GetFckeDUpTrash: Both are retard noobs
(41:52 / Allies) psicomind: nananana batman
(42:01 / All) psicomind: nananana batman
(42:02 / All) GetFckeDUpTrash: yeah pink loses he has down's syndrome
(42:08 / All) DCONRESTNOOB: aight
(42:18 / All) psicomind: i m fun nanana batman
(42:26 / All) DCONRESTNOOB: reds better than an 0-2 player
(42:27 / All) psicomind: clear here
(42:31 / All) DCONRESTNOOB: hes more like a 1-2 player
(42:47 / All) GetFckeDUpTrash: that's generous
(42:48 / All) DCONRESTNOOB: green is such a nigger
(42:50 / All) DCONRESTNOOB: i swear
(42:56 / All) DCONRESTNOOB: "hey red blue is killing ur creeps"
(42:58 / All) DCONRESTNOOB: what a faggot
(43:05 / All) psicomind: shut up shit player hahaha
(43:12 / All) GetFckeDUpTrash: YOU'RE THE SHIT PLAYER PINK YOU LOST LOL
(43:17 / All) GetFckeDUpTrash: hahaha!
(43:19 / All) GetFckeDUpTrash: you lose! LOL
(43:19 / All) DCONRESTNOOB: red was freaking harassing i should be able to kill any creeps i want
(43:33 / All) psicomind: hahahah one loss or two whatever :D
(43:40 / All) DCONRESTNOOB: that is the first time I've ever seen an ally warn another ally of their creeps getting crept
(44:10 / All) GetFckeDUpTrash: Any last words for us pink and red?
(44:14 / All) psicomind: i dont feel nothing.....if I lose with good players...that angry me :D
(44:23 / All) DCONRESTNOOB: we're great
(44:24 / All) DCONRESTNOOB: not good
(44:37 / All) GetFckeDUpTrash: Pink is total trash noob
(44:38 / All) DCONRESTNOOB: pink
(44:49 / All) psicomind: no you dont
(44:56 / All) DCONRESTNOOB: what
(44:58 / All) psicomind: but ty for speak me :D
(44:59 / All) DCONRESTNOOB: that dont make sense
(45:05 / All) DCONRESTNOOB: hes from brazil
(45:07 / All) DCONRESTNOOB: prob
(45:08 / All) DCONRESTNOOB: ja ja
(45:20 / All) DCONRESTNOOB: u gotta be american or canadian for me to respect u
(45:21 / All) GetFckeDUpTrash: Pink are you a hue monkey?
(45:29 / All) psicomind: when I lose with good players feel bad...but in this moment i touch me
(45:41 / All) GetFckeDUpTrash: He's touching himself I think he's trying to say
(45:49 / All) DCONRESTNOOB: horrible english
(45:50 / All) psicomind: ye that
(45:52 / All) DCONRESTNOOB: he has to be a spic
(46:02 / All) GetFckeDUpTrash: Pink is diddling himself to getting owned in wc3
(46:07 / All) GetFckeDUpTrash: he's one sick puppy
(46:17 / All) psicomind: nice :D
(46:20 / All) GetFckeDUpTrash: Red anything you want to say?
(46:23 / All) psicomind: you said me a god
(46:30 / All) GetFckeDUpTrash: You're a subhuman
(46:32 / All) psicomind: hahahaha